 Dungeon Crawl Stone Soup version 0.31.0-9-g3a7656b989 (webtiles) character file.

Game seed: 2605932734770589046

194541 Hopman the Severer (level 18, -3/162 (170) HPs)
             Began as a Hill Orc Fighter on Jan 25, 2024.
             Was a High Priest of Okawaru.
             Killed from afar by a spark wasp (12 damage)
             ... with a living lightning
             ... on level 4 of the Spider Nest on Jan 27, 2024.
             The game lasted 02:27:44 (44441 turns).

Hopman the Severer (Hill Orc Fighter)              Turns: 44441, Time: 02:27:44

HP:   -3/162 (170)  AC: 35    Str: 25 (27) XL:     18   Next: 75%
MP:   5/30          EV:  5    Int:  8      God:    Okawaru [*****.]
Gold: 1487          SH: 18    Dex:  9 (10) Spells: 17/17 levels left

rFire   . . .        a - +3 war axe (heavy)
rCold   . . .        t - +1 kite shield
rNeg    . . .        c - +3 crystal plate armour
rPois   +            k - +2 helmet
rElec   .            (no cloak)
rCorr   .            P - +2 pair of gloves
SInv    +            m - +0 pair of boots
Will    +....        x - amulet of reflection Stlth
                     D - ring of poison resistance
HPRegen 0.47/turn    v - ring of see invisible
MPRegen 0.22/turn

%: reflection
@: studying Axes, lightly drained
A: no striking features
a: Renounce Religion, Heroism, Finesse, Duel


You were on level 4 of the Spider Nest.
You worshipped Okawaru.
Okawaru was extremely pleased with you.
You visited 9 branches of the dungeon, and saw 34 of its levels.
You also visited: Sewer and Ossuary.

You collected 3425 gold pieces.
You spent 1938 gold pieces at shops.

Inventory:

Hand Weapons
 a - a +3 heavy war axe (weapon)
 G - a +4 heavy flail
 H - a +2 war axe of flaming {Primus}
 Z - a +4 antimagic war axe
Missiles
 b - a dart of dispersal
 d - 6 datura-tipped darts
 u - 3 javelins (quivered)
 W - 8 silver javelins
Armour
 c - a +3 crystal plate armour (worn)
 k - a +2 helmet (worn)
 l - a scarf of invisibility
 m - a +0 pair of boots (worn)
 t - a +1 kite shield (worn)
 I - the +4 chain mail "Ahuhis" {rC+ rCorr}
   (You bought it in a shop on level 7 of the Dungeon)

   rC+:       It protects you from cold.
   rCorr:     It protects you from acid and corrosion.
 P - a +2 pair of gloves (worn)
Jewellery
 e - a ring of protection from fire
 h - a ring of fire
 i - a +4 ring of protection
 v - a ring of see invisible (right hand)
 x - an amulet of reflection (around neck)
 y - a ring of flight
 C - a ring of magical power
 D - a ring of poison resistance (left hand)
 L - a +6 ring of strength
 N - a ring of positive energy
 S - a ring of protection from cold
 X - an amulet of regeneration
 Y - a ring of ice
Wands
 n - a wand of light (11)
 p - a wand of paralysis (36)
 r - a wand of mindburst (12)
 K - a wand of flame (53)
 M - a wand of iceblast (10)
Scrolls
 f - 7 scrolls of teleportation
 g - a scroll of blinking
 j - 2 scrolls of poison
 s - a scroll of immolation
 F - 2 scrolls of fear
 U - a scroll of amnesia
Potions
 o - 5 potions of might
 q - 4 potions of resistance
 w - 2 potions of ambrosia
 z - 3 potions of haste
 A - a potion of magic
 B - 5 potions of invisibility
 E - 6 potions of enlightenment
 J - 3 potions of curing
 O - a potion of attraction
 Q - a potion of lignification
 R - 4 potions of mutation
 T - a potion of brilliance
 V - a potion of cancellation


   Skills:
 * Level 17.5 Fighting
 - Level 1.7 Long Blades
 + Level 17.9(19.2) Axes
 + Level 9.9(13.8) Maces & Flails
 + Level 8.4 Throwing
 + Level 15.3 Armour
 + Level 15.3 Shields
 + Level 16.8 Invocations
 + Level 10.1 Evocations


You had 17 spell levels left.
You didn't know any spells.
Your spell library contained the following spells:

 Spells                   Type           Power      Damage    Failure   Level
 Apportation              Tloc           0%         N/A       100%        1
 Necrotise                Necr           0%         1d4       100%        1
 Slow                     Hex            0%         N/A       100%        1
 Sting                    Conj/Alch      0%         1d3       100%        1
 Cigotuvi's Dreadful Rot  Necr/Alch/Air  0%         N/A       100%        2
 Jinxbite                 Hex            0%         N/A       100%        2
 Lesser Beckoning         Tloc           0%         N/A       100%        2
 Mercury Vapours          Alch/Air       0%         N/A       100%        2
 Confusing Touch          Hex            0%         N/A       100%        3
 Gell's Gravitas          Tloc           0%         N/A       100%        3
 Mephitic Cloud           Conj/Alch/Air  0%         N/A       100%        3
 Sigil of Binding         Hex            0%         N/A       100%        3
 Teleport Other           Tloc           0%         N/A       100%        3
 Vampiric Draining        Necr           0%         2d6       100%        3
 Dispel Undead            Necr           0%         3d6       100%        4
 Alistair's Intoxication  Alch           0%         N/A       100%        5
 Borgnjor's Vile Clutch   Necr/Erth      0%         N/A       100%        5
 Freezing Cloud           Conj/Ice/Air   0%         6-21      100%        5
 Lee's Rapid Deconstruct  Erth           0%         3d4*      100%        5
 Yara's Violent Unravell  Hex/Alch       0%         3d3       100%        5
 Eringya's Noxious Bog    Alch           0%         4d6       100%        6
 Enfeeble                 Hex            0%         N/A       100%        7
 Summon Small Mammal      Summ           Unusable   N/A       N/A         1
 Animate Armour           Summ/Erth      Unusable   N/A       N/A         4
 Animate Dead             Necr           Unusable   N/A       N/A         4
 Martyr's Knell           Necr/Summ      Unusable   N/A       N/A         4
 Summon Lightning Spire   Summ/Air       Unusable   N/A       N/A         4
 Death Channel            Necr           Unusable   N/A       N/A         6

Dungeon Overview and Level Annotations

Branches:
Dungeon (15/15)            Temple (0/1) D:5            Lair (5/5) D:8
  Swamp (4/4) Lair:2       Spider (4/4) Lair:3        Slime (1/5) Lair:4
    Orc (2/2) D:10            Elf (1/3) Orc:2        Vaults (0/5) D:14
 Depths (1/4) D:15           Hell (visited)           Sewer (visited)
Ossuary (visited)
    Dis: Hell:1         Geh: Hell:1         Coc: Hell:1         Tar: Hell:1

Altars:
Elyvilon
Hepliaklqana
Makhleb
Okawaru
Qazlal
Uskayaw
Wu Jian
Jiyva

Shops:
D:2 !   D:4 ?=?=[   D:5 !   D:7 [   Orc:1 *   Orc:2 **[(

Portals:
Hell: Lair:5

Annotations:
Hell Geryon, Murray


Message History

You hit the culicivora. The culicivora completely misses you.
The spark wasp barely misses you. You block the spark wasp's attack.
You block the culicivora's attack.
You barely miss the spark wasp.
The spark wasp is severely wounded.
You barely miss the culicivora.
The jumping spider's many legs skitter faintly.
The jumping spider leaps!
The spark wasp barely misses you. You block the culicivora's attack.
You hit the spark wasp.
The spark wasp is severely wounded.
You miss the culicivora.
The culicivora bites you but does no damage.
The spark wasp stings you but does no damage.
The jumping spider leaps!
The culicivora bites you.
* * * LOW HITPOINT WARNING * * *
The culicivora draws strength from your injuries!
The spark wasp stings you.
* * * LOW HITPOINT WARNING * * *
The spark wasp shocks you!
* * * LOW HITPOINT WARNING * * *
Blink to where?
Press: ? - help, Dir - move target, f - you
Okay, then.
Blink to where?
Press: ? - help, Dir - move target
As you read the scroll of blinking, it crumbles to dust.
The spark wasp bursts into living lightning!
The living lightning misses you.
The spark wasp blinks!
As you read the scroll of fear, it crumbles to dust.
You assume a fearsome visage.
The culicivora looks frightened!
The spark wasp looks frightened!
The jumping spider leaps!
The jumping spider pounces on you but does no damage.
The jumping spider bites you.
* * * LOW HITPOINT WARNING * * *
The jumping spider leaps!
The spark wasp bursts into living lightning!
The living lightning hits you!
You die...

.....###### ###### .^####
###^.~.# .## #####^.....# .#
#####.^^^.....^##
.#####..^~...........##
.^^^.^~...............##
..............^..^^~..^#
...^....~....~.^########
....^....#####..@......########
..~#######..^....†.°....^..^..###
.^.~...~.^...^..s.......#^...^^(.
.......^.........................
........................#.†...†(.
..........y..^...~......~.(..s^s.
..^.≈.^^[...~..~########.^......~
...###########.^.~^.~.####.^...^#
...^..^.^..^^.^......## ###.^.##


You could see a spark wasp and a jumping spider.

Vanquished Creatures
  A tentacled monstrosity (Swamp:3)
  Rupert (Lair:4)
  Gastronok (D:11)
  Donald (Swamp:4)
  An azure jelly (Lair:4)
  6 ghost moths
  5 emperor scorpions (Spider:3)
  An orc warlord (Orc:1)
  4 ghouls (Swamp:4)
  2 broodmothers (Spider:4)
  A stone giant (Depths:1)
  A quicksilver ooze (Slime:1)
  Nessos (Lair:5)
  3 spark wasps
  6 eleionomae
  2 dire elephants
  4 bunyips
  Snorg (D:14)
  The ghost of nitefall the Basher, a journeyman MiBe of Trog (D:12)
  A fire dragon (D:15)
  6 entropy weavers
  A great orb of eyes (Lair:4)
  2 jorogumos
  A vault guard (D:14)
  17 hydras
  A ghost crab (Lair:2)
  13 alligators
  A catoblepas (D:13)
  5 centaur warriors
  3 two-headed ogres
  4 radroaches
  2 boulder beetles
  2 tengu warriors (D:14)
  3 demonic crawlers
  An occultist (Lair:5)
  11 death yaks
  Urug (Lair:3)
  3 orc high priests
  A sun demon (Lair:5)
  7 spriggans
  2 skysharks
  Nergalle (Lair:1)
  A skeletal warrior (D:13)
  2 goliath frogs
  A spriggan druid (Swamp:3)
  5 pharaoh ants
  9 orb spiders
  4 bog bodies
  2 bunyip zombies (Swamp:3)
  2 sun moths
  A swamp dragon (Swamp:1)
  9 steelbarb worms
  3 orc knights
  A deep elf archer (Elf:1)
  A necromancer (Swamp:2)
  2 deep elf pyromancers
  11 ugly things
  A deep elf zephyrmancer (Elf:1)
  4 oklob plants (Lair:1)
  5 cyclopes
  Maurice (D:11)
  2 will-o-the-wisps (Swamp:4)
  11 wolf spiders
  6 orc sorcerers
  2 manticores
  4 moths of wrath
  3 black mambas
  A salamander (D:15)
  26 elephants
  2 orange demons (Lair:5)
  5 molten gargoyles (D:14)
  3 torpor snails
  2 unseen horrors
  2 gargoyles (D:13)
  11 cane toads
  14 komodo dragons
  5 kobold demonologists (D:12)
  4 yaktaurs (D:15)
  3 ice devils (Lair:5)
  4 rime drakes (Lair:5)
  A bloated husk (Swamp:3)
  A red devil (Lair:5)
  4 polar bears
  A hellwing (Lair:5)
  9 hornets
  7 trolls
  A wolf spider simulacrum (D:15)
  34 tarantellas
  4 dream sheep
  14 tyrant leeches
  20 blink frogs
  12 slime creatures
  A centaur simulacrum (D:14)
  25 jumping spiders
  15 culicivoras
  7 wyverns
  6 wraiths
  46 yaks
  2 shadows
  A vampire (D:11)
  3 fire bats (Lair:5)
  Eustachio (D:4)
  3 basilisks
  A hog (shapeshifter) (D:14)
  49 redbacks
  A steam dragon (D:9)
  4 vampire mosquitoes
  18 swamp worms
  A water moccasin (shapeshifter) (D:14)
  3 hell hounds (Lair:5)
  13 water moccasins
  23 orc warriors
  2 swamp drakes (Swamp:2)
  Pargi (Sewer)
  3 black bears
  A meliai simulacrum (D:11)
  3 sky beasts
  4 boggarts (D:14)
  20 wolves
  7 ogres
  11 centaurs
  9 kobold brigands
  An elf zombie (Ossuary)
  A spectral basilisk (Lair:2)
  A weeping skull (Ossuary)
  8 bullfrogs
  A brain worm (Sewer)
  3 gnoll sergeants
  7 scorpions
  A burial acolyte (Ossuary)
  12 wights
  10 killer bees
  2 swamp dragon simulacra (Swamp:3)
  4 electric eels
  5 howler monkeys
  A bombardier beetle (D:5)
  5 hounds
  5 jellies
  23 orc priests
  2 sleepcaps (D:6)
  9 iguanas
  31 orc wizards
  5 mummies (Ossuary)
  6 adders
  6 gnolls
  2 white imps (D:5)
  2 dart slugs
  A ribbon worm (D:4)
  60 orcs
  4 endoplasms
  3 giant cockroaches
  2 gnoll zombies (Ossuary)
  6 goblins
  3 hobgoblins
  8 jackals
  4 quokkas
  5 ball pythons
  14 bats
  5 frilled lizards
  7 kobolds
  4 kobold zombies (Ossuary)
  An orc zombie (Ossuary)
  8 rats
987 creatures vanquished.

Vanquished Creatures (others)
  A manticore (D:12)
  3 bloated husks
  A redback (Spider:1)
  An orc (Orc:2)
  10 foxfires (Swamp:4)
16 creatures vanquished.

Grand Total: 1003 creatures vanquished

Notes
Turn   | Place    | Note
-------+----------+-------------------------------------------
     0 | D:1      | Hopman the Hill Orc Fighter began the quest for the Orb.
     0 | D:1      | Reached XP level 1. HP: 19/19 MP: 1/1
   277 | D:1      | Reached XP level 2. HP: 25/27 MP: 2/2
  1065 | D:2      | Reached XP level 3. HP: 33/33 MP: 3/3
  1334 | D:2      | Found Angeit's Distillery.
  1834 | D:3      | Found a faded altar of an unknown god.
  2022 | D:3      | Reached XP level 4. HP: 32/40 MP: 4/4
  2058 | D:3      | Found an iron altar of Okawaru.
  2094 | D:3      | Became a worshipper of Warmaster Okawaru
  2370 | D:3      | Found a glowing drain.
  2407 | Sewer    | Entered a sewer
  2436 | Sewer    | Noticed a brain worm
  2445 | Sewer    | Killed a brain worm
  2446 | Sewer    | Reached XP level 5. HP: 37/47 MP: 2/5
  2488 | Sewer    | Noticed Pargi
  2521 | Sewer    | Killed Pargi
  2522 | Sewer    | Reached skill level 5 in Fighting
  2522 | Sewer    | Reached XP level 6. HP: 28/56 MP: 6/6
  2975 | D:4      | Found Yssuvil's Magic Scroll Shoppe.
  3057 | D:4      | Found Tuajuig's Jewellery Emporium.
  3069 | D:4      | Noticed Eustachio
  3093 | D:4      | Found Ticath's Magic Scroll Boutique.
  3098 | D:4      | Killed Eustachio
  3098 | D:4      | Reached * piety under Okawaru
  3099 | D:4      | Reached skill level 5 in Axes
  3099 | D:4      | Reached skill level 1 in Invocations
  3106 | D:4      | Found a white marble altar of Elyvilon.
  3252 | D:4      | Reached XP level 7. HP: 61/61 MP: 8/8
  3276 | D:4      | Reached skill level 5 in Shields
  3307 | D:4      | Found Pijenk's Jewellery Boutique.
  3317 | D:4      | Reached skill level 5 in Armour
  3317 | D:4      | Reached skill level 1 in Evocations
  3463 | D:4      | Found Siollowa's Armour Boutique.
  3803 | D:5      | Entered Level 5 of the Dungeon
  3818 | D:5      | Noticed a yak
  3819 | D:5      | Noticed a yak
  3821 | D:5      | Noticed a yak
  3822 | D:5      | Noticed a yak
  3825 | D:5      | Noticed a yak
  3846 | D:4      | Reached ** piety under Okawaru
  3851 | D:4      | Killed a yak
  3852 | D:4      | Reached XP level 8. HP: 8/70 MP: 8/10
  4286 | D:5      | Found a staircase to the Ecumenical Temple.
  4520 | D:5      | Killed a yak
  4520 | D:5      | Reached *** piety under Okawaru
  4529 | D:5      | Killed a yak
  4534 | D:5      | Killed a yak
  4535 | D:5      | Reached XP level 9. HP: 63/79 MP: 12/12
  4548 | D:5      | Reached skill level 5 in Invocations
  4753 | D:5      | Found Loju's Distillery.
  5155 | D:6      | Found a sand-covered staircase.
  5159 | Ossuary  | Entered an ossuary
  5424 | Ossuary  | Reached **** piety under Okawaru
  5764 | D:6      | Identified the staff "Tecegoag" {rElec rC++ Dex-3 Ice Air
                  | Earth}
  5965 | D:6      | Reached ***** piety under Okawaru
  5982 | D:6      | Reached XP level 10. HP: 88/88 MP: 14/14
  6743 | D:7      | Found Naepoj's Antique Armour Shoppe.
  6750 | D:7      | Bought an encrusted chain mail for 313 gold pieces
  6750 | D:7      | Identified the +4 chain mail "Ahuhis" {rC+ rCorr} (You
                  | bought it in a shop on level 7 of the Dungeon)
  7056 | D:7      | Received a gift from Okawaru
  7351 | D:8      | Found a stormy altar of Qazlal.
  7382 | D:8      | Reached skill level 1 in Throwing
  7500 | D:8      | Found a staircase to the Lair.
  7646 | Lair:1   | Entered Level 1 of the Lair of Beasts
  8090 | D:8      | Identified the +8 long sword "Hauqiur" {freeze, Dex+4}
  8758 | D:9      | Reached XP level 11. HP: 97/97 MP: 17/17
  9002 | D:10     | Entered Level 10 of the Dungeon
  9254 | D:10     | Noticed a two-headed ogre
  9280 | D:10     | Reached skill level 10 in Axes
  9636 | D:10     | Found a staircase to the Orcish Mines.
  9645 | D:10     | Reached skill level 1 in Maces & Flails
 10148 | D:10     | Found a hazy altar of Hepliaklqana.
 10348 | D:10     | Killed a two-headed ogre
 10756 | D:11     | Noticed Gastronok
 10801 | D:11     | Killed Gastronok
 10802 | D:11     | Reached skill level 10 in Fighting
 10802 | D:11     | Reached skill level 5 in Evocations
 10935 | D:11     | Noticed Maurice
 10962 | D:11     | Maurice stole an amulet of the acrobat
 10967 | D:11     | Killed Maurice
 10967 | D:11     | Received a gift from Okawaru
 11636 | D:12     | Noticed a manticore
 11732 | Orc:1    | Entered Level 1 of the Orcish Mines
 11873 | Orc:2    | Entered Level 2 of the Orcish Mines
 11972 | Orc:2    | Noticed an orc knight
 12075 | Orc:1    | Killed an orc knight
 12076 | Orc:1    | Reached XP level 12. HP: 80/107 MP: 11/19
 12164 | Orc:2    | Paralysed by an orc sorcerer for 4 turns
 12849 | Orc:2    | Noticed an orc high priest
 12853 | Orc:2    | Noticed a soul eater
 12858 | Orc:2    | Killed an orc high priest
 12989 | Orc:2    | Reached skill level 10 in Invocations
 13061 | Orc:2    | Noticed an orc high priest
 13070 | Orc:2    | Killed an orc high priest
 13077 | Orc:2    | Received a gift from Okawaru
 13132 | Orc:2    | Reached skill level 10 in Shields
 13439 | Orc:1    | Reached skill level 10 in Armour
 13557 | Orc:1    | Noticed an orc high priest
 13581 | Orc:1    | Killed an orc high priest
 13613 | Orc:1    | Found Nofy's Assorted Antiques.
 13621 | Orc:1    | Bought a jade ring for 170 gold pieces
 13719 | Orc:1    | Found a transporter.
 13772 | Orc:1    | Found an ornate altar of the Wu Jian Council.
 13773 | Orc:1    | Found a transporter.
 13798 | Orc:1    | Found a transporter.
 13829 | Orc:1    | Found a transporter.
 13830 | Orc:1    | Found an ornate altar of the Wu Jian Council.
 13830 | Orc:1    | Noticed an orc warlord
 14047 | Orc:2    | Found Xoduborr's Assorted Antiques.
 14047 | Orc:2    | Found Muvojev's Weapon Emporium.
 14047 | Orc:2    | Found Ujaqon's General Store.
 14053 | Orc:2    | Found Juofre Foesu's Armour Emporium.
 14118 | Orc:2    | Bought a potion of heal wounds for 90 gold pieces
 14119 | Orc:2    | Bought a scroll labelled ZAPPIWKEH DAKO for 29 gold pieces
 14119 | Orc:2    | Bought a scroll labelled ZUCZYS HIGOUL for 29 gold pieces
 14184 | Orc:2    | Found a staircase to the Elven Halls.
 14568 | Orc:2    | Bought a shiny tourmaline ring for 145 gold pieces
 14727 | Arena    | Entered the Arena
 14782 | Orc:1    | Killed an orc warlord
 14980 | D:12     | Reached XP level 13. HP: 93/116 MP: 21/21
 15177 | D:12     | Found a runed translucent gate.
 15178 | D:12     | Found a runed translucent gate.
 15179 | D:12     | Found a runed translucent gate.
 15180 | D:12     | Noticed nitefall's ghost (journeyman MiBe)
 15200 | D:12     | Reached skill level 1 in Long Blades
 15226 | D:12     | Killed nitefall's ghost
 15796 | D:13     | Received a gift from Okawaru
 16544 | D:14     | Received a gift from Okawaru
 16803 | D:14     | Noticed a vault guard
 16817 | D:14     | Killed a vault guard
 16838 | D:14     | Found a gate to the Vaults.
 17148 | D:14     | Reached XP level 14. HP: 63/127 MP: 23/23
 17884 | D:14     | Reached skill level 5 in Maces & Flails
 18055 | D:14     | Noticed Snorg
 18064 | D:14     | Killed Snorg
 18822 | D:15     | Entered Level 15 of the Dungeon
 19153 | D:15     | Found a staircase to the Depths.
 19153 | D:15     | Noticed a dire elephant
 19177 | D:15     | Killed a dire elephant
 19180 | D:15     | Received a gift from Okawaru
 19481 | D:15     | Found a hide-covered altar of Uskayaw.
 19906 | D:15     | Reached skill level 5 in Throwing
 20902 | Depths:1 | Entered Level 1 of the Depths
 20941 | Depths:1 | Noticed a stone giant
 20965 | Depths:1 | Killed a stone giant
 21672 | Lair:1   | Noticed Nergalle
 21684 | Lair:1   | Killed Nergalle
 21684 | Lair:1   | Received a gift from Okawaru
 22417 | Lair:1   | Reached skill level 15 in Axes
 22961 | Lair:2   | Reached XP level 15. HP: 69/136 MP: 24/24
 22972 | Lair:2   | Received a gift from Okawaru
 23783 | Lair:2   | Found a staircase to the Swamp.
 24186 | Swamp:1  | Entered Level 1 of the Swamp
 24286 | Lair:3   | Noticed Urug
 24305 | Lair:3   | Killed Urug
 24777 | Lair:3   | Found a hole to the Spider Nest.
 24807 | Spider:1 | Entered Level 1 of the Spider Nest
 25044 | Lair:4   | Found a staircase to the Slime Pits.
 25044 | Lair:4   | Found a viscous altar of Jiyva.
 25058 | Slime:1  | Entered Level 1 of the Pits of Slime
 25070 | Slime:1  | Received a gift from Okawaru
 25325 | Slime:1  | Noticed an azure jelly
 25600 | Lair:4   | HP: 8/207 [death yak (5)]
 25608 | Lair:4   | Received a gift from Okawaru
 26242 | Lair:4   | Killed an azure jelly
 27106 | D:2      | Bought 2 potions of curing for 84 gold pieces
 27106 | D:2      | Bought a potion of curing for 42 gold pieces
 27106 | D:2      | Bought 2 potions of curing for 84 gold pieces
 27106 | D:2      | Bought a potion of curing for 42 gold pieces
 27162 | D:5      | Bought a potion of heal wounds for 75 gold pieces
 27691 | Elf:1    | Entered Level 1 of the Elven Halls
 28506 | D:4      | Bought a ring of poison resistance for 220 gold pieces
 28688 | Lair:5   | Entered Level 5 of the Lair of Beasts
 28767 | Lair:4   | Reached XP level 16. HP: 147/147 MP: 26/26
 29210 | Lair:5   | Received a gift from Okawaru
 29347 | Lair:5   | Noticed Rupert
 29350 | Lair:5   | Paralysed by Rupert for 2 turns
 29385 | Lair:4   | Killed Rupert
 29715 | Lair:5   | Reached skill level 15 in Fighting
 30129 | Lair:5   | Reached skill level 15 in Invocations
 30434 | Lair:5   | Noticed Nessos
 30443 | Lair:5   | Killed Nessos
 30623 | Lair:5   | Found a burning altar of Makhleb.
 30687 | Lair:5   | Found a gateway to Hell.
 30912 | Hell     | Entered the Vestibule of Hell
 30912 | Hell     | Noticed Geryon
 30913 | Hell     | Noticed Murray
 32456 | Swamp:2  | Reached XP level 17. HP: 131/156 MP: 28/28
 32999 | Swamp:3  | Received a gift from Okawaru
 34269 | Swamp:3  | Noticed a tentacled monstrosity
 34284 | Swamp:3  | Killed a tentacled monstrosity
 34490 | Swamp:4  | Entered Level 4 of the Swamp
 34490 | Swamp:4  | Noticed Donald
 34509 | Swamp:4  | Killed Donald
 36309 | D:4      | Bought a scroll of blinking for 105 gold pieces
 36492 | Orc:1    | Bought a scroll of blinking for 255 gold pieces
 36492 | Orc:1    | Bought a scroll of blinking for 255 gold pieces
 37450 | Spider:1 | Received a gift from Okawaru
 37759 | Spider:1 | Found a hide-covered altar of Uskayaw.
 39000 | Spider:2 | Reached XP level 18. HP: 114/168 MP: 24/30
 39149 | Spider:2 | Received a gift from Okawaru
 39529 | Spider:2 | Reached skill level 15 in Armour
 39829 | Spider:2 | Identified the +1 robe of the Cooper {Str+4}
 40999 | Spider:3 | Reached skill level 15 in Shields
 41432 | Spider:3 | Received a gift from Okawaru
 41538 | Spider:4 | Entered Level 4 of the Spider Nest
 41620 | Spider:3 | HP: 8/169 [entropy weaver (6)]
 43301 | Spider:3 | Reached skill level 10 in Evocations
 44281 | Spider:4 | Received a gift from Okawaru
 44430 | Spider:4 | HP: 8/162 [spark wasp (13)]
 44439 | Spider:4 | HP: 8/162 [jumping spider (4)]
 44441 | Spider:4 | Killed from afar by a spark wasp

Illustrated notes

Levels and vault maps discovered:
D:1:      dpeg_arrival_pits, layout_loops_ring, serial_forest,
          infiniplex_forest_straight_2, infiniplex_forest_straight_2,
          infiniplex_forest_clump_double, infiniplex_forest_straight_3,
          infiniplex_forest_corner_1, infiniplex_forest_end_2,
          infiniplex_forest_clump_long
D:2:      layout_basic, serial_shops, shop, ebering_dispersal_statue_hall,
          dreamdust_princess_bridge
D:3:      layout_loops_corners, mainiacjoe_overflow_small_starburst,
          mainiacjoe_sewer_entry_somewhere_in_here_1,
          hellmonk_ecumenical_altar_run_dry, minmay_misc_feat_iff, moated_statue
D:4:      layout_loops_ring, kennysheep_mini_moat, serial_shops, shop,
          nicolae_diamond_shop, nicolae_shop_temple_entry_statues_fountains,
          nicolae_shop_gaudy_bauble, shop_statue, uniq_eustachio
D:5:      layout_layer_cave, minmay_temple_entry_glass, serial_shops,
          nicolae_shop_just_a_little_nook, serial_park_tiny_2
D:6:      layout_rooms, nicolae_ossuary_entry_plus, water_boxes_lemuel
D:7:      layout_basic, serial_shops, shop
D:8:      layout_rooms, mainiacjoe_overflow_brackets, lair_entry_dummy,
          grunt_decor_resistance
D:9:      layout_grid_maze
D:10:     layout_irregular_city, mainiacjoe_overflow_concentric_impassable,
          kennysheep_orc_monster_closet_entryway
D:11:     layout_irregular_city, uniq_maurice, uniq_gastronok
D:12:     layout_roguey, gammafunk_ghost_nasty_kobolds
D:13:     minmay_recursive_quarters, layout_rooms
D:14:     cheibrodos_statue_roulette, layout_basic, david_vaults_4,
          serial_curves, eino_curves_01, eino_curves_01,
          hangedman_decor_peaks_small, uniq_snorg
D:15:     hangedman_depths_entry_try_elsewhere_first, layout_long_grid,
          nicolae_uskayaw_dance_hall
Lair:1:   minmay_lair_oklob_tunnel, layout_chaotic_city, gauntlet_entry_generic,
          uniq_nergalle
Lair:2:   beast_lair_carwin_large_3, layout_concentric_octagons,
          nicolae_swamp_entry_spooky, guppyfry_lair_drakes, lemuel_fruit_fields,
          serial_bayou_shore_a
Lair:3:   layout_hall_layers, spider_nest_entry_funnel_web, uniq_urug
Lair:4:   layout_hall_layers, minmay_slime_entry_pillars, beast_lair_carwin_1,
          grunt_megastairs_5
Lair:5:   evil_forest, layout_misc_corridors, nicolae_volcano_entry_batcave,
          uniq_rupert, uniq_nessos
Swamp:1:  layout_basic_swamp, nicolae_swamp_triple_paths,
          infiniplex_staircase_pool_2
Swamp:2:  layout_falls_marsh, nicolae_swamp_some_circles, swamp_pool_1_2,
          nicolae_swamp_vermiculated
Swamp:3:  layout_basic_swamp, serial_swamp_ruin, evilmike_swamp_ruin_house_5,
          evilmike_swamp_ruin_rubble_1, swamp_pool_3,
          nicolae_swamp_necromancer_hut
Swamp:4:  swamp_basic_johnstein, layout_basic_swamp, uniq_donald
Spider:1: layout_spider_delve, nicolae_spider_altar_of_dancing
Spider:2: layout_spider_delve, drop_trap, hellmonk_motheaten_closet
Spider:3: layout_spider_delve, nicolae_spider_scorpion_nest
Spider:4: grunt_spider_rune_parallel
Slime:1:  layout_caves
Orc:1:    dreamdust_wu_jian_sword_trials, layout_caves, serial_shops, shop
Orc:2:    st_orc_mages, layout_caves
Elf:1:    layout_onion_city, nicolae_elf_shapeshifter_party, grunt_megastairs_3
Depths:1: layout_long_grid, enter_ziggurat_c,
          nicolae_abyss_entry_one_way_or_another, grunt_qazlal_clouds,
          lightli_too_deep, minmay_misc_feat_secret_circle,
          nicolae_dithmenos_through_a_glass_darkly
Hell

Skill      XL: |  1  2  3  4  5  6  7  8  9 10 11 12 13 14 15 16 17 18 |
---------------+-------------------------------------------------------+-----
Axes           | 3 4 5 7 8 9 11 12 13 15 16 17 | 17.9
Fighting       | 4 5 6 7 8 9 10 11 12 13 14 15 16 17 | 17.5
Armour         | 4 5 6 7 8 9 10 11 12 13 14 15 | 15.3
Shields        | 4 5 6 7 8 9 10 11 12 13 14 15 | 15.3
Invocations    | 1 3 4 6 8 9 10 12 13 14 15 16 | 16.8
Evocations     | 1 2 3 4 5 6 7 8 9 10 | 10.1
Throwing       | 1 2 3 4 5 6 7 8 |  8.4
Maces & Flails | 2 3 4 5 7 8 9 |  9.9
Long Blades    | 1 |  1.7

Action                     |  1- 3 |  4- 6 |  7- 9 | 10-12 | 13-15 | 16-18 || total
---------------------------+-------+-------+-------+-------+-------+-------++-------
  Melee: War axe           |   125 |   110 |   323 |   837 |   986 |  1284 ||  3665
         Flail             |       |       |       |       |    92 |   191 ||   283
  Throw: Boomerang         |       |       |       |    84 |   145 |    54 ||   283
         Javelin           |       |       |       |     2 |    24 |    62 ||    88
 Invoke: Finesse           |       |       |       |     9 |    14 |    14 ||    37
         Heroism           |       |       |       |     8 |    10 |    12 ||    30
         Duel              |       |       |       |     1 |       |       ||     1
  Evoke: Wand              |       |       |       |     6 |       |     3 ||     9
    Use: Scroll            |     1 |       |     4 |    18 |    11 |    17 ||    51
         Potion            |       |     1 |     1 |     4 |    10 |     8 ||    24
   Stab: Invisible         |       |       |       |     1 |       |       ||     1
 Armour: Scale mail        |    78 |       |       |       |       |       ||    78
         Plate armour      |    30 |   209 |   316 |    60 |       |       ||   615
         Chain mail        |       |       |       |   454 |   654 |   424 ||  1532
         Crystal plate arm |       |       |       |       |       |  1074 ||  1074
  Dodge: Dodged            |    47 |    50 |   106 |   189 |   203 |   358 ||   953
  Block: Buckler           |    29 |    44 |   128 |   243 |       |       ||   444
         Reflection        |       |       |     2 |    28 |    41 |    23 ||    94
         Kite shield       |       |       |       |   331 |   828 |  1665 ||  2824
